 Dungeon Crawl Stone Soup version 0.23.1 (webtiles) character file.

Game seed: 0

413131 Forgol the Shatterer (level 22, -6/207 HPs)
             Began as a Minotaur Berserker on Mar 7, 2019.
             Was a High Priest of the Shining One.
             Killed from afar by a tengu reaver (26 damage)
             ... with a bolt of lightning
             ... on level 5 of the Vaults.
             The game lasted 03:07:44 (55437 turns).

Forgol the Shatterer (Minotaur Berserker)          Turns: 55437, Time: 03:07:45

Health: -6/207     AC: 33    Str: 38      XL:     22   Next: 50%
Magic:  0/40       EV: 20    Int:  6 (7)  God:    the Shining One [*****.]
Gold:   3875       SH: 37    Dex: 11      Spells: 21/21 levels left

rFire    + . .     SeeInvis .   z - +7 eveningstar (flame)
rCold    + + .     Gourm    .   q - +2 large shield {AC+3}
rNeg     + + .     Faith    .   k - +6 plate armour {MR+}
rPois    +         Spirit   +   G - +0 hat of Valour {rF+ rC++ Stlth+}
rElec    .         Reflect  .   v - +1 cloak
rCorr    .         Harm     .   L - +2 pair of gloves {Str+3}
MR       ++...                  m - +2 pair of boots
Stlth    ..........             T - amulet of guardian spirit
HPRegen  0.44/turn              I - ring "Jigytaat" {*Drain MP+9 EV+4 Str+4 Int+3}
MPRegen  0.27/turn              g - ring of poison resistance

@: divine shield, about to teleport, glowing, studying Stealth
A: retaliatory headbutt, horns 2, deformed body, deterioration 1
}: 2/15 runes: serpentine, barnacled
a: Divine Shield, Cleansing Flame, Summon Divine Warrior, Renounce Religion


You were on level 5 of the Vaults.
You worshipped the Shining One.
The Shining One was extremely pleased with you.
You were not hungry.

You visited 9 branches of the dungeon, and saw 41 of its levels.
You visited the Abyss 1 time.
You also visited: Ice Cave.

You collected 5182 gold pieces.
You spent 1307 gold pieces at shops.

Inventory:

Hand Weapons
 z - a +7 eveningstar of flaming (weapon)
Missiles
 F - 64 javelins (quivered)
Armour
 k - a +6 plate armour of magic resistance (worn)
 m - a +2 pair of boots (worn)
 q - a +2 large shield of protection (worn)
 v - a +1 cloak (worn)
 G - the +0 hat of Valour (worn) {rF+ rC++ Stlth+}
   (You found it on level 2 of the Lair of Beasts)

   It protects you from fire.
   It greatly protects you from cold.
   It makes you more stealthy.
 L - a +2 pair of gloves of strength (worn)
Jewellery
 g - a ring of poison resistance (right hand)
 p - a +4 ring of protection
 u - an uncursed amulet of the acrobat
 D - a ring of the Octopus King {AC+1 EV+1 Str+1 Int+1 Dex+1 Stlth+}
   (You took it off a deep elf knight on level 1 of the Elven Halls)

   [ring of stealth]

   It affects your AC (+1).
   It affects your evasion (+1).
   It affects your strength (+1).
   It affects your intelligence (+1).
   It affects your dexterity (+1).
   It makes you more stealthy.
 I - the ring "Jigytaat" (left hand) {*Drain MP+9 EV+4 Str+4 Int+3}
   (You found it on level 3 of the Elven Halls)

   [ring of evasion]

   It affects your evasion (+4).
   It affects your strength (+4).
   It affects your intelligence (+3).
   It affects your magic capacity (+9).
   It causes draining when unequipped.
 Q - a +3 ring of strength
 S - an uncursed ring of positive energy
 T - an amulet of guardian spirit (around neck)
Wands
 f - a wand of polymorph (16)
 y - a wand of digging (11)
 A - a wand of enslavement (21)
 E - a wand of disintegration (61)
 H - a wand of paralysis (25)
 J - a wand of flame (94)
 K - a wand of acid (33)
 O - a wand of iceblast (40)
 U - a wand of random effects (28)
Scrolls
 e - 5 scrolls of teleportation
 i - 12 scrolls of remove curse
 l - 4 scrolls of identify
 x - 8 scrolls of fog
 B - 9 scrolls of magic mapping
 C - a scroll of acquirement
 N - 2 scrolls of amnesia
Potions
 a - 2 potions of magic
 d - 11 potions of flight
 h - 10 potions of curing
 n - 9 potions of haste
 o - 4 potions of resistance
 r - 3 potions of cancellation
 s - a potion of might
 t - 4 potions of brilliance
 w - a potion of heal wounds
 M - a potion of ambrosia
 X - a potion of invisibility
Books
 j - a manual of Stealth
Miscellaneous
 W - a lightning rod (4/4)
Comestibles
 b - 11 chunks of flesh
 c - 49 rations


   Skills:
 + Level 19.6 Fighting
 * Level 25.6 Maces & Flails
 + Level 19.4 Armour
 + Level 18.1 Dodging
 + Level 15.9 Shields
 + Level 13.5 Invocations


You had 21 spell levels left.
You didn't know any spells.
Your spell library was empty.

Dungeon Overview and Level Annotations

Branches:
Dungeon (15/15)            Temple (1/1) D:6            Lair (6/6) D:8
 Shoals (4/4) Lair:2        Snake (4/4) Lair:2        Slime (0/5) Lair:5
    Orc (2/2) D:11            Elf (3/3) Orc:2        Vaults (5/5) D:13
  Crypt (0/3) Vaults:3     Depths (1/5) D:15

Altars:
Ashenzari
Cheibriados
Dithmenos
Elyvilon
Fedhas
Gozag
Hepliaklqana
Kikubaaqudgha
Makhleb
Nemelex Xobeh
Okawaru
Qazlal
Ru
Sif Muna
Trog
Uskayaw
Vehumet
Xom
Yredelemnul
Zin
The Shining One
Jiyva

Shops:
D:4 (   D:5 ?   D:6 %?   D:7 (   D:12 *   Orc:2 *[*:(   Elf:1 ([??%
Shoals:2 !   Shoals:3 *   Snake:2 }=}

Portals:
Trove: Vaults:2 (give 7 potions of agility)

Annotations:
Lair:3 exclusion: oklob plant
Lair:5 1 runed translucent door
Vaults:4 2 runed translucent doors, Kisielow's ghost, veteran MiFi; foobar1000's ghost, veteran SpHu


Innate Abilities, Weirdness & Mutations

You reflexively headbutt those who attack you in melee.
You have a pair of horns on your head.
Armour fits poorly on your strangely shaped body.
Your body sometimes deteriorates upon taking damage.


Message History

The corpses begin to drag themselves along the ground!
The vault warden hits you from afar with a +0 bardiche!
* * * LOW HITPOINT WARNING * * *
The ironheart preserver casts a spell.
The ironheart preserver begins to accept its allies' injuries.
The tengu reaver points at you and mumbles some strange words.
The bolt of lightning hits you!!
* * * LOW HITPOINT WARNING * * *
2 crawling corpses come into view.
The deep elf mage gestures wildly while chanting.
The deep elf mage blinks!
The golden dragon breathes cold at you.
The bolt of cold hits the crawling corpse!
The crawling corpse resists.
The crawling corpse is destroyed!
The bolt of cold hits you. You resist.
* * * LOW HITPOINT WARNING * * *
The tengu reaver casts a spell at you. The bolt of lightning hits you!!
You die...

.c. .. ### ....
################## ....
##...............##....
.........c....).%...#
c............pT.e.*.##
.........p..D.cDQx...#
...###########[.....#
.. #.@....# . ###....#
....# ...e# ....# ....#
....# ....#


You could see a golden dragon, a vault warden, a tengu reaver, 2 yaktaur
captains, a deep troll, a deep elf high priest, a deep elf mage, a battlesphere
and a crawling corpse.

Vanquished Creatures
  An ancient lich (Vaults:5)
  Sojobo (Vaults:3)
  Boris (Vaults:3)
  Xtahua (Vaults:3)
  2 golden dragons (Vaults:5)
  A tentacled monstrosity (Vaults:5)
  Rupert (Lair:4)
  Jorgrun (D:12)
  3 deep elf blademasters (Elf:3)
  An Ice Fiend (IceCv)
  A lich (Vaults:4)
  A quicksilver dragon (Vaults:5)
  A titan (Vaults:5)
  2 deep elf master archers (Elf:3)
  4 sphinxes
  Gastronok (Lair:3)
  Kirke (Lair:4)
  2 tentacled starspawn
  3 shadow dragons (Vaults:5)
  10 nagarajas
  Ilsuiw (Shoals:4)
  2 storm dragons
  9 tengu reavers
  3 deep elf sorcerers
  An iron dragon (Vaults:5)
  A frost giant (Vaults:4)
  2 fire giants (Vaults:4)
  15 vault wardens
  An orc warlord (Orc:2)
  11 ironheart preservers
  3 deep elf elementalists
  15 stone giants
  2 very ugly things
  An entropy weaver (Vaults:3)
  3 deep elf annihilators (Elf:3)
  3 deep elf demonologists
  A dire elephant (Lair:5)
  A blizzard demon (Abyss:3)
  5 merfolk javelineers
  Josephine (D:10)
  3 crystal guardians
  4 ettins
  7 yaktaur captains
  6 merfolk impalers
  2 fire dragons
  5 deep elf high priests
  5 deep elf death magi
  3 great orbs of eyes
  23 vault guards
  7 hydras
  3 ice dragons
  A catoblepas (Lair:5)
  14 naga warriors
  4 rakshasas
  8 centaur warriors
  10 ogre magi
  4 satyrs
  5 merfolk avatars
  6 anacondas
  2 death knights
  4 merfolk aquamancers
  36 two-headed ogres
  2 deep troll earth magi
  19 dancing weapons
  4 tengu warriors
  A titan zombie (Vaults:5)
  14 naga sharpshooters
  2 orc high priests (Orc:2)
  16 deep elf knights
  2 shock serpents
  2 shadow wraiths (Vaults:4)
  3 wretched stars (Abyss:3)
  A fire crab (Abyss:3)
  An iron troll (Vaults:1)
  An unseen horror (shapeshifter) (D:15)
  2 salamander mystics (Snake:3)
  A hell knight (Vaults:5)
  8 sea snakes
  8 deep trolls
  A deep troll (shapeshifter) (Vaults:3)
  A sea snake (shapeshifter) (D:15)
  3 unseen horrors
  20 deep elf archers
  A lindwurm (Lair:6)
  7 naga ritualists
  Pikel (D:7)
  A flayed ghost (Vaults:5)
  10 ironbrand convokers
  A glowing orange brain (Vaults:3)
  17 orc knights
  2 phantasmal warriors
  3 wolf spiders
  6 mana vipers
  11 harpies
  8 necromancers
  A faun (shapeshifter) (Vaults:4)
  29 ugly things
  5 orc sorcerers
  66 deep elf magi
  17 salamanders
  2 human zombies (Vaults:3)
  22 cyclopes
  A fire giant skeleton (Abyss:3)
  10 manticores
  Maurice (D:10)
  26 fauns
  An elephant (shapeshifter) (D:15)
  14 elephants
  27 black mambas
  6 guardian serpents
  A manticore (shapeshifter) (Vaults:3)
  2 centaur zombies
  A stone giant skeleton (Vaults:4)
  3 molten gargoyles (Lair:6)
  10 vault sentinels
  2 frost giant skeletons (Vaults:4)
  8 merfolk sirens
  25 naga magi
  6 spiny frogs
  An ice statue (IceCv)
  3 gargoyles (D:12)
  6 water nymphs
  10 komodo dragons
  2 centaur skeletons
  A yaktaur zombie (Vaults:3)
  A rime drake (shapeshifter) (Elf:1)
  A golden dragon simulacrum (IceCv)
  An ancient zyme (Abyss:3)
  A redback zombie (D:14)
  2 efreet
  A yaktaur (shapeshifter) (Elf:1)
  A demonic crawler (Abyss:3)
  9 freezing wraiths
  4 rime drakes
  24 yaktaurs
  7 ice devils (IceCv)
  2 anaconda simulacra (IceCv)
  2 human skeletons (Vaults:3)
  A queen bee (Lair:1)
  A guardian mummy (Vaults:2)
  9 trolls
  7 wind drakes
  A jumping spider (Vaults:3)
  A small abomination (Elf:3)
  3 hornets
  A meliai (shapeshifter) (Elf:1)
  2 yaktaur skeletons (Vaults:3)
  11 polar bears
  32 merfolk
  16 slime creatures
  A wind drake (shapeshifter) (Vaults:2)
  12 hippogriffs
  5 snapping turtles
  5 dream sheep
  Grinder (D:5)
  3 blink frogs (Lair:1)
  An ettin zombie (Vaults:3)
  A dream sheep (shapeshifter) (D:15)
  A hippogriff (shapeshifter) (D:15)
  A spriggan (shapeshifter) (D:13)
  2 air elementals
  2 ettin skeletons
  9 wraiths
  A redback (shapeshifter) (Vaults:2)
  12 water elementals
  2 redbacks (Vaults:3)
  A shadow (D:14)
  A tarantella (Vaults:3)
  4 dire elephant simulacra (IceCv)
  24 yaks
  A vampire (Elf:1)
  Eustachio (D:5)
  8 wyverns
  8 hogs
  19 humans
  6 basilisks
  A hog (shapeshifter) (Abyss:3)
  A neqoxec (Abyss:3)
  3 steam dragons
  4 fire elementals
  4 iron troll simulacra (IceCv)
  A death yak simulacrum (IceCv)
  58 nagas
  5 acid dragons
  Edmund (D:5)
  7 wargs
  3 harpy simulacra (IceCv)
  A soldier ant (D:10)
  3 hydra simulacra (IceCv)
  13 water moccasins
  4 hell hounds (Lair:6)
  6 porcupines
  43 orc warriors
  3 sky beasts
  An elf zombie (Vaults:3)
  A slave (D:7)
  5 ice beasts
  An eye of draining (shapeshifter) (Vaults:3)
  5 black bears
  A deep troll skeleton (Vaults:3)
  2 ettin simulacra (IceCv)
  A hornet zombie (D:12)
  A necrophage (D:11)
  A black bear (shapeshifter) (Vaults:3)
  58 ogres
  12 wolves
  An alligator simulacrum (IceCv)
  2 phantoms
  29 centaurs
  2 eyes of draining (D:14)
  8 boggarts
  12 crocodiles
  7 earth elementals
  20 bullfrogs
  A wyvern zombie (D:9)
  A wyvern skeleton (D:13)
  A water moccasin skeleton (D:10)
  23 killer bees
  7 scorpions
  2 elephant simulacra (IceCv)
  6 howler monkeys
  6 electric eels
  4 lava snakes (Lair:6)
  7 crimson imps
  A jelly (D:6)
  A quasit (D:8)
  A draconian simulacrum (IceCv)
  6 starcursed masses (Abyss:3)
  4 hounds
  7 orc priests
  5 bullfrog skeletons
  26 orc wizards
  An iron imp (Abyss:3)
  Ijyb (D:5)
  7 worker ants
  4 iguanas
  2 troll simulacra (IceCv)
  3 centaur simulacra (IceCv)
  A worker ant zombie (D:7)
  13 gnolls
  A howler monkey skeleton (D:4)
  15 adders
  2 naga simulacra (IceCv)
  4 ogre simulacra (IceCv)
  5 shadow imps
  6 white imps (IceCv)
  8 ufetubi (IceCv)
  2 oozes
  3 adder skeletons
  2 worms (D:2)
  4 leopard geckos
  92 orcs
  3 giant cockroaches
  7 goblins
  8 hobgoblins
  8 jackals
  7 quokkas
  9 bats
  6 frilled lizards
  9 kobolds
  4 rats
  A spectral orc (D:6)
  A plant (Shoals:2)
1723 creatures vanquished.

Vanquished Creatures (collateral kills)
  A deep elf blademaster (Elf:3)
  A titan (Vaults:5)
  A deep elf annihilator (Elf:3)
  2 deep elf demonologists (Elf:3)
  3 deep elf death magi (Elf:3)
  A deep elf high priest (Elf:3)
  A catoblepas (Abyss:3)
  A swamp dragon (Abyss:3)
  A deep elf mage (Elf:3)
  A yaktaur skeleton (Vaults:5)
  A human simulacrum (Vaults:5)
  2 crawling corpses (Elf:3)
16 creatures vanquished.

Vanquished Creatures (others)
  A tentacled monstrosity (Vaults:5)
  A vault warden (Vaults:5)
  A merfolk impaler (Shoals:4)
  A two-headed ogre (D:15)
  A wolf spider (Vaults:5)
  A water elemental (Elf:1)
  A small abomination (Abyss:3)
  A sky beast (D:15)
  A crawling corpse (Vaults:5)
  14 fungi
  13 plants
  27 starspawn tentacles
  4 toadstools (Lair:5)
67 creatures vanquished.

Grand Total: 1806 creatures vanquished

Notes
Turn   | Place    | Note
-------+----------+-------------------------------------------
     0 | D:1      | Forgol the Minotaur Berserker began the quest for the Orb.
     0 | D:1      | Reached XP level 1. HP: 19/19 MP: 0/0
   256 | D:1      | Reached XP level 2. HP: 26/27 MP: 1/1
   342 | D:1      | Reached skill level 4 in Maces & Flails
   784 | D:2      | Reached XP level 3. HP: 24/33 MP: 2/2
  1010 | D:2      | Reached ** piety under Trog
  1240 | D:2      | Found a shattered altar of Ashenzari.
  1262 | D:2      | Reached XP level 4. HP: 40/40 MP: 3/3
  1748 | D:3      | Reached skill level 5 in Maces & Flails
  1960 | D:3      | Reached XP level 5. HP: 47/47 MP: 4/4
  2200 | D:3      | Found a sparkling altar of Nemelex Xobeh.
  2248 | D:3      | Reached XP level 6. HP: 55/55 MP: 5/5
  2255 | D:3      | Reached *** piety under Trog
  2327 | D:3      | Reached skill level 6 in Maces & Flails
  2579 | D:3      | Reached skill level 5 in Fighting
  2832 | D:4      | Reached XP level 7. HP: 61/61 MP: 6/6
  3105 | D:4      | Reached **** piety under Trog
  3110 | D:4      | Reached skill level 7 in Maces & Flails
  3168 | D:4      | Found Aceofun's Weapon Shop.
  3228 | D:5      | Entered Level 5 of the Dungeon
  3277 | D:5      | Noticed Edmund
  3289 | D:5      | Killed Edmund
  3289 | D:5      | Reached skill level 5 in Armour
  3786 | D:5      | Noticed Ijyb
  3790 | D:5      | Killed Ijyb
  3827 | D:5      | Reached skill level 5 in Dodging
  3827 | D:5      | Reached XP level 8. HP: 60/70 MP: 7/7
  3877 | D:5      | Noticed Grinder
  3893 | D:5      | Killed Grinder
  3893 | D:5      | Reached skill level 8 in Maces & Flails
  4034 | D:5      | Noticed Eustachio
  4064 | D:5      | Killed Eustachio
  4074 | D:5      | Found Beazann's Magic Scroll Shoppe.
  4158 | D:5      | Found a stormy altar of Qazlal.
  4356 | D:6      | Found a staircase to the Ecumenical Temple.
  4433 | D:6      | Found a shattered altar of Ashenzari.
  4525 | D:6      | Reached skill level 9 in Maces & Flails
  4632 | D:6      | Found Reoroud's Food Boutique.
  4667 | D:6      | Found Jaxus's Magic Scroll Emporium.
  4803 | D:6      | Found a shadowy altar of Dithmenos.
  5068 | D:6      | Found Ziddisso's Food Emporium.
  5142 | D:6      | Found a basalt altar of Yredelemnul.
  5199 | D:7      | Reached XP level 9. HP: 79/79 MP: 8/8
  5409 | D:7      | Reached skill level 10 in Maces & Flails
  5473 | D:7      | Found the +9 sword of Zonguldrok {reap}
  5656 | D:7      | Found Qitexil's Antique Weapon Shoppe.
  5743 | D:7      | Noticed Pikel
  5753 | D:7      | Killed Pikel
  6073 | D:8      | Found a staircase to the Lair.
  6220 | D:8      | Reached ***** piety under Trog
  6221 | D:8      | Reached skill level 11 in Maces & Flails
  6458 | D:8      | Reached XP level 10. HP: 85/90 MP: 9/9
  6678 | D:8      | Noticed a +0 hand axe
  6678 | D:8      | Noticed a +0 dagger
  6680 | D:8      | Found a hide-covered altar of Uskayaw.
  7178 | D:9      | Found a snail-covered altar of Cheibriados.
  7186 | D:9      | Received a gift from Trog
  7387 | D:9      | Found a shimmering altar of Xom.
  7501 | D:9      | Reached skill level 12 in Maces & Flails
  8085 | Lair:1   | Entered Level 1 of the Lair of Beasts
  8486 | Lair:1   | Reached XP level 11. HP: 70/99 MP: 10/10
  8488 | Lair:1   | Reached skill level 13 in Maces & Flails
  8601 | Lair:1   | Found a gate leading to a gauntlet.
  8644 | Lair:1   | Reached skill level 10 in Fighting
  9235 | Lair:2   | HP: 5/100 [poisoned by a spiny frog]
  9240 | Lair:2   | HP: 3/100 [poisoned by a spiny frog]
  9246 | Lair:2   | HP: 2/100 [poisoned by a spiny frog]
  9254 | Lair:2   | HP: 2/100 [poisoned by a spiny frog]
  9825 | Lair:2   | Reached skill level 10 in Armour
  9856 | Lair:2   | Reached skill level 14 in Maces & Flails
  9983 | Lair:2   | Found a staircase to the Snake Pit.
  9991 | Lair:2   | Got a distressingly furry hat
  9997 | Lair:2   | Identified the +0 hat of Valour {rF+ rC++ Stlth+} (You
                  | found it on level 2 of the Lair of Beasts)
 10359 | Lair:2   | Found a staircase to the Shoals.
 10569 | Lair:3   | Noticed Gastronok
 10580 | Lair:3   | Killed Gastronok
 10580 | Lair:3   | Reached skill level 10 in Dodging
 10580 | Lair:3   | Reached XP level 12. HP: 110/110 MP: 11/11
 12216 | Lair:4   | Received a gift from Trog
 12389 | Lair:4   | Reached skill level 15 in Maces & Flails
 12398 | Lair:4   | Noticed Rupert
 12416 | Lair:4   | Killed Rupert
 12418 | Lair:4   | Noticed Kirke
 12437 | Lair:4   | Killed Kirke
 13034 | Lair:4   | Noticed an eight-headed hydra
 13043 | Lair:4   | Killed an eight-headed hydra
 13220 | Lair:5   | Reached skill level 16 in Maces & Flails
 13666 | Lair:5   | Found a runed translucent door.
 13666 | Lair:5   | Found a viscous altar of Jiyva.
 13670 | Lair:5   | Found a staircase to the Slime Pits.
 13950 | Lair:5   | Noticed a dire elephant
 13950 | Lair:5   | Noticed a catoblepas
 14046 | Lair:5   | Noticed a seven-headed hydra
 14056 | Lair:5   | Killed a seven-headed hydra
 14056 | Lair:5   | Reached XP level 13. HP: 103/118 MP: 12/12
 14511 | Lair:5   | Found a runed translucent door.
 15018 | Lair:5   | Killed a dire elephant
 15284 | Lair:6   | Entered Level 6 of the Lair of Beasts
 15643 | Lair:6   | Reached skill level 17 in Maces & Flails
 16042 | Lair:6   | Received a gift from Trog
 16063 | Lair:6   | Noticed a fire dragon
 16100 | Lair:6   | Found a large runed translucent door.
 16100 | Lair:6   | Found a large runed translucent door.
 16119 | Lair:6   | Killed a fire dragon
 16574 | D:10     | Entered Level 10 of the Dungeon
 16580 | D:10     | Found a burning altar of Makhleb.
 16580 | D:10     | Noticed a cacodemon
 16637 | D:10     | Noticed Maurice
 16654 | D:10     | Killed Maurice
 16936 | D:10     | Noticed Josephine
 16952 | D:10     | Killed Josephine
 17408 | D:11     | Reached XP level 14. HP: 129/129 MP: 13/13
 17793 | D:11     | Found a shattered altar of Ashenzari.
 17823 | D:11     | Found a staircase to the Orcish Mines.
 18573 | Orc:1    | Entered Level 1 of the Orcish Mines
 18579 | Orc:1    | Reached skill level 18 in Maces & Flails
 18677 | Orc:1    | Received a gift from Trog
 19033 | Orc:2    | Entered Level 2 of the Orcish Mines
 19033 | Orc:2    | Found Berhuuc's Antique Armour Boutique.
 19033 | Orc:2    | Noticed an orc warlord
 19034 | Orc:2    | Paralysed by an orc sorcerer for 6 turns
 20301 | Orc:2    | Killed an orc warlord
 20528 | Orc:2    | Found Ubiosysmiza's Assorted Antiques.
 20585 | Orc:2    | Found Kack's General Store.
 20835 | Orc:2    | Found Weis's Book Boutique.
 20865 | Orc:2    | Received a gift from Trog
 20937 | Orc:2    | Found a staircase to the Elven Halls.
 21072 | Orc:2    | Found Kymu's Antique Weapon Emporium.
 21139 | Orc:2    | Bought a runed plate armour for 858 gold pieces
 21139 | Orc:2    | Bought a glowing large shield for 247 gold pieces
 21200 | D:12     | Noticed Jorgrun
 21220 | D:12     | Killed Jorgrun
 21586 | Orc:2    | Bought a scroll of enchant weapon for 97 gold pieces
 21776 | D:6      | Bought a scroll of enchant weapon for 105 gold pieces
 22037 | D:12     | Found Gudghoytt's Assorted Antiques.
 22448 | D:12     | Reached ****** piety under Trog
 22809 | D:13     | Reached XP level 15. HP: 138/138 MP: 17/17
 22814 | D:13     | Reached skill level 5 in Invocations
 22891 | D:13     | Found a gate to the Vaults.
 23037 | D:13     | Received a gift from Trog
 23100 | D:13     | Reached skill level 5 in Shields
 23991 | D:14     | Reached skill level 19 in Maces & Flails
 24127 | D:14     | Received a gift from Trog
 24211 | D:14     | You fall through a shaft!
 24211 | D:15     | Entered Level 15 of the Dungeon
 24346 | D:15     | Found a sparkling altar of Nemelex Xobeh.
 25008 | D:15     | Found a staircase to the Depths.
 25430 | Snake:1  | Entered Level 1 of the Snake Pit
 25720 | Shoals:1 | Entered Level 1 of the Shoals
 25770 | Shoals:1 | Received a gift from Trog
 25787 | Shoals:1 | Reached XP level 16. HP: 49/147 MP: 6/21
 25810 | Shoals:1 | Reached skill level 15 in Fighting
 26906 | Snake:1  | Received a gift from Trog
 27388 | Snake:2  | Reached skill level 15 in Armour
 27800 | Snake:2  | Reached skill level 20 in Maces & Flails
 28522 | Snake:2  | Found Dihek's Jewellery Shoppe.
 28523 | Snake:2  | Found Jothriev's Gadget Shop.
 28523 | Snake:2  | Found Ucou's Gadget Shop.
 28918 | Snake:3  | Received a gift from Trog
 28928 | Snake:3  | Got a smoking flail {god gift}
 28929 | Snake:3  | Identified the +6 flail of Arbitration {flame, rPois rF+
                  | Dex+4 SInv} (Trog gifted it to you on level 3 of the Snake
                  | Pit)
 29116 | Snake:3  | Identified a scroll of acquirement
 29119 | Snake:3  | Got a twitching platinum amulet
 29120 | Snake:3  | Identified the amulet of Urregeyg {+Rage Slay+2} (You
                  | acquired it on level 3 of the Snake Pit)
 29301 | Snake:3  | Reached skill level 10 in Invocations
 30610 | Snake:4  | Entered Level 4 of the Snake Pit
 30992 | Snake:4  | Reached XP level 17. HP: 157/157 MP: 23/23
 31093 | Snake:4  | Received a gift from Trog
 32407 | Snake:4  | Reached skill level 10 in Shields
 32643 | Snake:4  | Received a gift from Trog
 32871 | Snake:4  | Reached skill level 21 in Maces & Flails
 33398 | Snake:4  | Got a serpentine rune of Zot
 33839 | Elf:1    | Entered Level 1 of the Elven Halls
 34269 | Elf:1    | Received a gift from Trog
 34666 | Elf:1    | Found Qacab's Magic Scroll Emporium.
 34667 | Elf:1    | Found Xidgh's Food Emporium.
 34667 | Elf:1    | Found Qonaun's Weapon Shoppe.
 34670 | Elf:1    | Found Zufoick's Magic Scroll Shoppe.
 34826 | Elf:1    | Reached skill level 15 in Dodging
 35352 | Elf:1    | Received a gift from Trog
 35396 | Elf:1    | Identified a ring of the Octopus King {AC+1 EV+1 Str+1
                  | Int+1 Dex+1 Stlth+}
 35945 | Elf:1    | Reached XP level 18. HP: 139/168 MP: 21/25
 35946 | Elf:1    | Found Utonuerr's Armour Emporium.
 36110 | Elf:1    | Cast into level 3 of the Abyss (a deep elf sorcerer)
 36203 | Abyss:3  | Found a roughly hewn altar of Beogh.
 36211 | Abyss:3  | Paralysed by accursed screaming for 1 turns
 36299 | Abyss:3  | Received a gift from Trog
 36304 | Abyss:3  | Gained mutation: Your body sometimes deteriorates upon
                  | taking damage. [a neqoxec]
 36309 | Abyss:3  | Lost intelligence.
 36369 | Abyss:3  | Gained mutation: Armour fits poorly on your strangely
                  | shaped body. [a cacodemon]
 36390 | Elf:1    | Escaped the Abyss
 36872 | Elf:1    | Identified the Volume of Creative Attacks
 37977 | Elf:2    | Found a runed translucent gate.
 37977 | Elf:2    | Found a runed translucent gate.
 37977 | Elf:2    | Found a runed translucent gate.
 38003 | Elf:2    | Received a gift from Trog
 38096 | Elf:2    | Reached skill level 22 in Maces & Flails
 38314 | Elf:3    | Entered Level 3 of the Elven Halls
 39316 | Elf:3    | Received a gift from Trog
 39342 | Elf:3    | Reached XP level 19. HP: 112/177 MP: 19/26
 39726 | Elf:3    | Got a glittering brass ring
 39729 | Elf:3    | Identified the ring "Jigytaat" {*Drain MP+9 EV+4 Str+4
                  | Int+3} (You found it on level 3 of the Elven Halls)
 39775 | Elf:3    | Identified the Tome of Hexes and Orientation
 39815 | Elf:3    | Got a fine demon whip
 39819 | Elf:3    | Identified the +2 demon whip "Vaorureh" {freeze, rC++} (You
                  | found it on level 3 of the Elven Halls)
 41002 | Shoals:2 | Found Murph's Distillery.
 41181 | Shoals:2 | Received a gift from Trog
 41479 | Shoals:2 | Found a frozen archway.
 41492 | IceCv    | Entered an ice cave
 42040 | IceCv    | Reached skill level 23 in Maces & Flails
 42854 | Shoals:3 | Received a gift from Trog
 42977 | Shoals:3 | Found Icatagre's General Store.
 43522 | Shoals:4 | Entered Level 4 of the Shoals
 43847 | Shoals:4 | Noticed Ilsuiw
 43856 | Shoals:4 | Got a barnacled rune of Zot
 43869 | Shoals:4 | Killed Ilsuiw
 44183 | Shoals:4 | Received a gift from Trog
 44660 | Temple   | Entered the Ecumenical Temple
 44697 | Temple   | Fell from the grace of Trog
 44697 | Temple   | Became a worshipper of the Shining One
 44958 | Depths:1 | Entered Level 1 of the Depths
 45080 | Vaults:1 | Entered Level 1 of the Vaults
 45540 | Vaults:1 | Reached XP level 20. HP: 146/187 MP: 27/27
 46702 | Vaults:1 | Reached * piety under the Shining One
 47569 | Vaults:2 | Paralysed by an ogre mage for 4 turns
 47835 | Vaults:2 | Got a transparent plate armour
 47836 | Vaults:2 | Identified the +0 plate armour of the Distant Future {rPois
                  | rC++ Slay+2 Stlth-} (You found it on level 2 of the Vaults)
 48194 | Vaults:2 | Reached ** piety under the Shining One
 48473 | Vaults:2 | Reached skill level 24 in Maces & Flails
 48795 | Vaults:2 | Found a portal to a secret trove of treasure.
 49154 | Vaults:3 | Found a staircase to the Crypt.
 49154 | Vaults:3 | Found a basalt altar of Yredelemnul.
 49155 | Vaults:3 | Found an ancient bone altar of Kikubaaqudgha.
 49655 | Vaults:3 | Noticed Xtahua
 49655 | Vaults:3 | Paralysed by Xtahua for 2 turns
 49669 | Vaults:3 | Killed Xtahua
 49686 | Vaults:3 | Reached *** piety under the Shining One
 49837 | Vaults:3 | Reached **** piety under the Shining One
 50189 | Vaults:3 | Noticed Sojobo
 50214 | Vaults:3 | Reached XP level 21. HP: 101/195 MP: 12/29
 50704 | Vaults:3 | Got a brightly glowing scale mail
 50705 | Vaults:3 | Identified the cursed +0 scale mail of Midsummer {*Corrode
                  | rPois Int+4} (You found it on level 3 of the Vaults)
 50831 | Vaults:3 | Noticed Boris
 50853 | Vaults:3 | Killed Boris
 51769 | Vaults:3 | Killed Sojobo
 52543 | Vaults:4 | Reached skill level 15 in Shields
 53060 | Vaults:4 | Paralysed by a sphinx for 6 turns
 53531 | Vaults:4 | Reached skill level 25 in Maces & Flails
 53593 | Vaults:4 | Found a large runed translucent door.
 53593 | Vaults:4 | Found a large runed translucent door.
 53593 | Vaults:4 | Noticed Kisielow's ghost (veteran MiFi)
 53593 | Vaults:4 | Noticed foobar1000's ghost (veteran SpHu)
 53813 | Vaults:5 | Entered Level 5 of the Vaults
 54346 | Vaults:4 | Reached XP level 22. HP: 101/206 MP: 20/30
 55056 | Vaults:5 | Noticed an ancient lich
 55063 | Vaults:5 | Killed an ancient lich
 55065 | Vaults:5 | Noticed a golden dragon
 55074 | Vaults:5 | Reached ***** piety under the Shining One
 55076 | Vaults:5 | Noticed a golden dragon
 55079 | Vaults:5 | Noticed a golden dragon
 55084 | Vaults:5 | Killed a golden dragon
 55095 | Vaults:5 | Killed a golden dragon
 55390 | Vaults:5 | Identified the amulet "Fajub" {RegenMP +Inv rN+ Int-3
                  | Dex+4}
 55431 | Vaults:5 | Noticed a golden dragon
 55437 | Vaults:5 | Killed from afar by a tengu reaver

Skill      XL: |  1  2  3  4  5  6  7  8  9 10 11 12 13 14 15 16 17 18 19 20 21 22 |
---------------+-------------------------------------------------------------------+-----
Maces & Flails | 4 5 6 7 9 11 12 14 16 17 18 19 20 21 22 23 24 25 | 25.6
Fighting       | 4 5 6 7 8 9 11 12 13 14 15 16 17 18 19 | 19.6
Armour         | 3 4 5 6 8 9 10 11 13 14 15 16 17 18 19 | 19.4
Dodging        | 3 4 5 6 7 8 10 11 12 13 14 15 16 17 18 | 18.1
Shields        | 4 7 9 10 12 13 14 15 | 15.9
Invocations    | 4 8 10 11 12 13 | 13.5

Action                   |  1- 3 |  4- 6 |  7- 9 | 10-12 | 13-15 | 16-18 | 19-21 | 22-24 || total
-------------------------+-------+-------+-------+-------+-------+-------+-------+-------++-------
Melee: Mace              |    65 |   136 |    14 |       |       |       |       |       ||   215
       Headbutt          |    13 |    18 |    54 |    94 |   295 |   358 |   458 |    61 ||  1351
       Flail             |       |       |   177 |       |       |   102 |       |       ||   279
       Morningstar       |       |       |    48 |   392 |   790 |       |       |       ||  1230
       Great mace        |       |       |       |       |   104 |       |       |       ||   104
       Eveningstar       |       |       |       |       |   240 |  1109 |  1634 |   172 ||  3155
       Demon whip        |       |       |       |       |       |   233 |   197 |       ||   430
Throw: Tomahawk          |       |       |       |    14 |     1 |       |       |       ||    15
       Javelin           |       |       |       |     2 |     1 |     4 |     7 |       ||    14
Invok: Berserk           |       |     4 |     9 |    12 |    26 |    15 |     6 |       ||    72
       Trog's Hand       |       |       |       |     2 |     5 |     9 |     3 |       ||    19
       Brothers in Arms  |       |       |       |       |       |     3 |     1 |       ||     4
       Divine Shield     |       |       |       |       |       |       |    19 |     6 ||    25
       Cleansing Flame   |       |       |       |       |       |       |     2 |       ||     2
       Summon Divine War |       |       |       |       |       |       |       |     2 ||     2
Evoke: Wand              |       |       |       |       |       |       |       |     1 ||     1
  Use: Scroll            |     4 |     7 |    10 |     9 |    15 |    11 |    31 |     5 ||    92
       Potion            |       |       |       |       |     2 |     1 |    18 |     4 ||    25
 Stab: Petrified         |       |       |       |       |     2 |       |       |       ||     2
  Eat: Chunk             |     1 |     8 |    17 |    26 |    41 |    15 |    36 |     1 ||   145
       Ration            |       |       |     1 |     3 |     7 |    14 |     7 |     1 ||    33
Armor: Chain mail        |    38 |    68 |   112 |   161 |       |       |       |       ||   379
       Animal skin       |     2 |       |       |       |       |       |       |       ||     2
       Scale mail        |       |       |       |    29 |   156 |       |       |       ||   185
       Plate armour      |       |       |       |       |   245 |   419 |   466 |    77 ||  1207
Dodge: Dodged            |    35 |    98 |   153 |   249 |   562 |   362 |   768 |   126 ||  2353
Block: Large shield      |       |       |       |       |   536 |  1329 |  2238 |   324 ||  4427
